Map: Catalyst LE

Players

InZaNe

  • Race: Terran Terran
  • League: Grandmaster
  • Spawn Location: 11:00

RiSky - Winner!

  • Race: Zerg Zerg
  • League: Master
  • Spawn Location: 5:00

Event: HomeStory Cup XVII

VOD

Have the link to the VOD?

Description

Time

  • Played on: June 28, 2018, 7:47 a.m.
  • Length: 6:34

All games in this series

Show
View Real Time Build Order
Export as new Build Order

InZaNe Terran 

Build Orders: Hellion Opening, Reaper Expand 

Get SALT Encoding   

  12  0:00  SCV  
  13  0:12  SCV  
  14  0:17  Supply Depot  
  14  0:24  SCV  
  15  0:39  SCV  
  15  0:40  Barracks  
  16  0:44  Refinery  
  16  0:51  SCV  
  17  1:03  SCV  
  18  1:15  SCV  
  19  1:28  Orbital Command, Reaper  
  20  1:40  Command Center  
  20  1:54  Supply Depot, SCV  
  20  1:59  Marine  
  22  2:06  SCV  
  23  2:09  Factory  
  23  2:14  Refinery  
  23  2:18  SCV  
  23  2:21  Barracks Reactor  
  24  2:31  SCV  
  25  2:43  SCV  
  26  2:55  SCV  
  26  2:57  Orbital Command  
  27  3:04  Starport  
  29  3:06  Hellion x2  
  29  3:07  SCV  
  29  3:09  Barracks Tech Lab  
  32  3:19  SCV  
  33  3:23  SCV  
  36  3:27  Hellion x2  
  36  3:31  SCV  
  39  3:35  SCV  
  40  3:43  SCV  
  40  3:47  SCV  
  42  3:50  Hellion x2, Supply Depot  
  46  3:56  Supply Depot  
  46  4:05  Barracks Tech Lab  
  46  4:11  Raven, SCV x2  
  46  4:13  Command Center  
  46  4:15  Hellion  
  52  4:18  Hellion  
  52  4:23  SCV x2  
  56  4:25  Marine  
  57  4:35  SCV x2  
  59  4:40  Supply Depot  
  59  4:43  Marine  
  59  4:45  Hellion  
  62  4:50  Supply Depot  
  62  4:52  SCV  
  62  5:01  Raven, SCV  
  62  5:04  SCV  
  68  5:13  SCV  
  67  5:17  Barracks, SCV  
  67  5:18  Engineering Bay x2, Barracks  
  67  5:19  Factory Reactor  
  67  5:20  Refinery  
  67  5:21  Refinery  
  69  5:25  SCV  
  70  5:29  Marauder, SCV  
  70  5:38  Orbital Command, SCV  
  70  5:41  SCV  
  65  5:44  Banshee  
  58  5:51  Marauder  
  58  5:52  SCV  
  54  5:57  SCV  
  54  5:59  Cyclone x2  
  52  6:04  SCV  
  52  6:05  Marine  
  52  6:08  Marine  
  52  6:09  SCV  
  55  6:11  Marine  
  55  6:17  SCV  
Show
View Real Time Build Order
Export as new Build Order

RiSky Zerg - Winner!

Build Orders: Hatch First 

Get SALT Encoding   

  12  0:01  Drone  
  13  0:12  Overlord  
  13  0:17  Drone  
  14  0:30  Drone x2  
  14  0:34  Drone  
  17  0:53  Hatchery  
  17  0:55  Drone  
  17  0:58  Drone  
  18  1:09  Extractor  
  17  1:18  Spawning Pool  
  17  1:20  Drone x2  
  18  1:28  Drone  
  19  1:38  Overlord  
  19  1:49  Drone  
  20  2:05  Queen, Zergling x4  
  20  2:06  Queen  
  26  2:12  Metabolic Boost  
  26  2:15  Drone  
  27  2:16  Drone  
  27  2:22  Drone  
  28  2:30  Drone  
  29  2:56  Queen x2, Drone x2, Extractor  
  32  2:59  Overlord  
  32  3:00  Overlord  
  32  3:01  Drone  
  32  3:02  Drone  
  34  3:06  Drone  
  34  3:11  Drone  
  36  3:13  Extractor  
  36  3:18  Drone  
  37  3:21  Drone  
  38  3:29  Hatchery  
  38  3:32  Drone x2  
  38  3:33  Queen  
  42  3:36  Drone x3  
  42  3:38  Drone  
  45  3:42  Drone  
  45  3:43  Zergling x2  
  45  3:47  Zergling x2  
  48  3:55  Roach Warren  
  47  3:56  Drone, Extractor  
  47  3:57  Extractor  
  47  3:59  Zergling x4  
  48  4:06  Drone x2  
  48  4:08  Overlord x2  
  50  4:10  Zergling x2  
  50  4:14  Zergling x2  
  50  4:16  Overlord  
  52  4:22  Overlord x2  
  52  4:30  Overlord  
  52  4:34  Roach  
  52  4:37  Roach  
  56  4:39  Roach x2  
  56  4:43  Roach  
  56  4:45  Roach  
  64  4:47  Roach  
  64  4:52  Roach  
  68  4:55  Roach  
  68  4:58  Roach  
  72  5:00  Ravager  
  72  5:01  Ravager  
  72  5:03  Roach  
  78  5:07  Roach  
  78  5:13  Roach x2  
  82  5:15  Zergling x2  
  82  5:16  Zergling x4  
  82  5:18  Zergling x2  
  82  5:20  Zergling x2  
  85  5:24  Zergling x6  
  85  5:27  Zergling x2  
  85  5:33  Zergling x4  
  86  5:39  Zergling x4  
  79  5:45  Zergling x4  
  79  5:48  Zergling x2  
  74  5:53  Ravager  
  74  5:56  Zergling x8  
  78  5:59  Ravager  
  78  6:00  Ravager  
  78  6:01  Ravager  
  81  6:08  Zergling x6  
  84  6:12  Zergling x4  
Tags
 
Add a new tag
Caveats
  • Supply blocks, unpowered buildings, or Contaminate may cause inaccurate times.
  • Supply counts are checked every 10 seconds.